 Dungeon Crawl Stone Soup version 0.31-a0-692-gf03d1854d5 (webtiles) character file.

Game seed: 1401882923482082954

102 qw the Shooter (level 4, 0/28 HPs)
             Began as a Gargoyle Hunter on Sept 6, 2023.
             Slain by an iguana (8 damage)
             ... on level 4 of the Dungeon.
             The game lasted 00:00:52 (1718 turns).

qw the Shooter (Gargoyle Hunter)                    Turns: 1718, Time: 00:00:52

Health: 0/28       AC:  9    Str: 15    XL:     4   Next: 78%
Magic:  4/4        EV: 11    Int:  9    God:
Gold:   204        SH:  0    Dex: 15    Spells: 3/3 levels left

rFire   . . .        Y - +1 shortbow
rCold   . . .        (shield currently unavailable)
rNeg    + . .        h - +0 ring mail
rPois   inf          (no helmet)
rElec   +            (no cloak)
rCorr   .            e - +0 pair of gloves
SInv    .            (no boots)
Will    .....        g - amulet of the acrobat
Stlth   +            (no ring)
HPRegen 0.24/turn    (no ring)
MPRegen 0.09/turn

%: acrobat
@: no status effects
A: sickness immunity, AC +3, negative energy resistance 1, electricity
resistance, torment resistance 1, petrification resistance
a: no special abilities


You were on level 4 of the Dungeon.
You visited 1 branch of the dungeon, and saw 4 of its levels.

You collected 204 gold pieces.


Innate Abilities, Weirdness & Mutations

You are immune to sickness and miasma.
Your stone body is resilient. (AC +3)
You are immune to poison.
You resist negative energy. (rN+)
You are resistant to electric shocks. (rElec)
You are resistant to unholy torment.
You are immune to petrification.


   Skills:
 - Level 3.0 Fighting
 + Level 5.5 Ranged Weapons
 - Level 1.0 Armour
 - Level 1.5 Dodging
 - Level 1.1 Stealth


You had 3 spell levels left.
You didn't know any spells.
Your spell library was empty.

Inventory:

Hand Weapons
 Y - a +1 shortbow (weapon)
Armour
 e - a +0 pair of gloves (worn)
 h - a +0 ring mail (worn)
Jewellery
 g - an amulet of the acrobat (around neck)
Scrolls
 a - a scroll of identify
Potions
 c - a potion of mutation
 d - a potion of haste {unknown}
 f - a potion of heal wounds
 j - a potion of enlightenment {unknown}

Dungeon Overview and Level Annotations

Branches:
Dungeon (4/15)
 Temple: D:4-7

Altars:
Gozag
Xom


Message History

You shoot an arrow.
The arrow closely misses the orc wizard.
The orc wizard hits you with a +0 dagger.
You shoot an arrow.
The arrow closely misses the orc wizard.
The orc wizard misses you. The dart slug launches a dart at you.
The slug dart hits you.
You shoot an arrow. The arrow hits the orc wizard!
The orc wizard is almost dead.
The orc wizard closely misses you. The orc wizard completely misses you.
You shoot an arrow. The arrow hits the orc wizard.
You kill the orc wizard!
You shoot an arrow. The arrow hits the dart slug.
The dart slug is moderately wounded.
The dart slug briefly extends its eye-stalks.
You shoot an arrow. The arrow hits the dart slug.
The dart slug is heavily wounded.
The dart slug misses you.
You shoot an arrow. The arrow hits the dart slug.
The dart slug is heavily wounded.
The dart slug bites you but does no damage.
You shoot an arrow. The arrow hits the dart slug!
You kill the dart slug!
You start resting.
HP restored.
An iguana comes into view.
The iguana hisses angrily.
You shoot an arrow. The arrow hits the iguana.
The iguana is lightly wounded.
You shoot an arrow.
The arrow hits the iguana but does no damage.
The iguana is lightly wounded.
The iguana bites you!
You shoot an arrow. The arrow hits the iguana.
The iguana is lightly wounded.
The iguana bites you!
You shoot an arrow. The arrow barely misses the iguana.
The iguana bites you. The iguana bites you!
You die...

#.........# ##..........
##........... #.#
####............ ..
................# ..###
......#.........# ....#
#..#....<......## .....#
#...............##.....#
##....#.........@l.....#
....#............##....#
..##..#).........# ... .
#...#.)........# #
#.o###.......#.# ....
##........# .....
#######.## ...o) ###
..w..


You could see an iguana.

Vanquished Creatures
  An orc wizard (D:4)
  3 dart slugs
  8 orcs
  4 ball pythons
  3 endoplasms
  A giant cockroach (D:2)
  6 goblins
  7 hobgoblins
  4 kobolds
  3 quokkas
  4 bats
  12 frilled lizards
  6 rats
62 creatures vanquished.

Notes
Turn   | Place    | Note
-------+----------+-------------------------------------------
     0 | D:1      | qw the Gargoyle Hunter began the quest for the Orb.
     0 | D:1      | Reached XP level 1. HP: 12/12 MP: 1/1
     0 | D:1      | 0 ||| qw: Version: 0.3-a-76-g4403597
     0 | D:1      | 0 ||| qw: Game counter: 98
     0 | D:1      | 0 ||| qw: Melee chars always use a shield: true
     0 | D:1      | 0 ||| qw: God list: Okawaru
     0 | D:1      | 0 ||| qw: Allow faded altars: false
     0 | D:1      | 0 ||| qw: Do Orc after clearing Dungeon:15 true
     0 | D:1      | 0 ||| qw: Do second Lair branch before Depths: true
     0 | D:1      | 0 ||| qw: Lair rune preference: random
     0 | D:1      | 0 ||| qw: Goals: Normal
     0 | D:1      | 0 ||| PLANNING D:1-11
   187 | D:1      | Reached XP level 2. HP: 17/17 MP: 2/2
   342 | D:1      | Reached XP level 3. HP: 21/21 MP: 3/3
   369 | D:1      | Found a faded altar of an unknown god.
   498 | D:1      | 498 ||| UPGRADING to +0 pair of gloves.
   503 | D:1      | 503 ||| UPGRADING to +0 ring mail.
   513 | D:1      | 513 ||| DROPPING +0 leather armour.
   514 | D:1      | 514 ||| READING 4 scrolls labelled QEUHEVV POALEGH.
   515 | D:1      | 515 ||| READING scroll labelled PARODADUKK.
   516 | D:1      | 516 ||| READING scroll labelled BIDDUONAATH.
   517 | D:1      | 517 ||| DRINKING 2 pink potions.
   518 | D:1      | 518 ||| READING 3 scrolls of identify.
   518 | D:1      | 518 ||| IDENTIFYING white potion
   519 | D:1      | 519 ||| READING 2 scrolls of identify.
   519 | D:1      | 519 ||| IDENTIFYING fizzy green potion
   520 | D:1      | 520 ||| DROPPING scroll of butterflies.
   521 | D:1      | 521 ||| DROPPING potion of brilliance.
   522 | D:1      | 522 ||| DROPPING potion of lignification.
   551 | D:2      | Found a shimmering altar of Xom.
   684 | D:2      | Reached skill level 1 in Armour
   839 | D:2      | Reached skill level 5 in Ranged Weapons
  1183 | D:2      | 1183 ||| READING 2 scrolls of identify.
  1183 | D:2      | 1183 ||| IDENTIFYING fizzy black potion
  1184 | D:2      | 1184 ||| DROPPING potion of attraction.
  1192 | D:3      | 1192 ||| STAIRDANCE
  1209 | D:3      | 1209 ||| STAIRDANCE
  1311 | D:3      | Found an opulent altar of Gozag.
  1455 | D:3      | Reached XP level 4. HP: 27/27 MP: 4/4
  1459 | D:3      | Reached skill level 3 in Fighting
  1614 | D:3      | 1614 ||| UPGRADING to amulet of the acrobat.
  1619 | D:3      | 1619 ||| READING scroll labelled ZYMIOTR YZURR.
  1624 | D:3      | 1624 ||| READING scroll labelled ARPHEG DUSMAQU.
  1625 | D:3      | 1625 ||| READING 2 scrolls of identify.
  1625 | D:3      | 1625 ||| IDENTIFYING viscous amethyst potion
  1665 | D:4      | 1665 ||| Stepping ~*~*~tactically~*~*~ (outnumbered).
  1666 | D:4      | 1666 ||| Stepping ~*~*~tactically~*~*~ (outnumbered).
  1718 | D:4      | Slain by an iguana

Levels and vault maps discovered:
D:1:      nagdon_arrival_double_spiral, layout_rooms,
          shapermc_ecumenical_altar_mp_urbaneastern, chequers_decorated_corner,
          minmay_misc_feat_rows, chequers_serial_rivers_room_b,
          hangedman_decor_peaks_small
D:2:      layout_loops_ring, basic_altar, minmay_lizard_pond
D:3:      layout_rooms, grunt_gozag_breadcrumbs
D:4:      layout_rooms, serial_shops, shop, uniq_edmund

Skill      XL: |  1  2  3  4 |
---------------+-------------+-----
Armour         | 1 |  1.0
Ranged Weapons | 5 |  5.5
Fighting       | 3 |  3.0
Dodging        | |  1.5
Stealth        | |  1.1

Action                     |  1- 3 |  4- 6 || total
---------------------------+-------+-------++-------
   Fire: Shortbow          |   157 |    47 ||   204
    Use: Scroll            |     6 |     3 ||     9
         Potion            |     1 |       ||     1
 Armour: Leather armour    |     5 |       ||     5
         Ring mail         |    70 |    19 ||    89
  Dodge: Dodged            |    77 |    12 ||    89

Table legend:
 A = Non-vault XP
 B = Vault XP
 C = Vault XP percentage of total XP
 D = Non-vault monster count
 E = Vault monster count
 F = Vault count percentage of total count
                 A         B        C        D         E       F
            +---------+---------+-------+---------+---------+-------
      Total |     137 |      10 |   6.8 |      52 |      10 |  16.1
            +---------+---------+-------+---------+---------+-------
        D:1 |      35 |       0 |   0.0 |      18 |       0 |   0.0
        D:2 |      14 |      10 |  41.7 |       9 |      10 |  52.6
        D:3 |      40 |       0 |   0.0 |      20 |       0 |   0.0
        D:4 |      48 |       0 |   0.0 |       5 |       0 |   0.0
            +---------+---------+-------+---------+---------+-------
